 Dungeon Crawl Stone Soup version 0.30-b1-2-g02819fbbbe (webtiles) character file.

Game seed: 6024332985151764069

1244 bartek7090 the Shield-Bearer (level 8, 0/74 HPs)
             Began as an Armataur Fighter on Dec 28, 2023.
             Slain by Menkaure (12 damage)
             ... on level 5 of the Dungeon.
             The game lasted 00:08:18 (3945 turns).

bartek7090 the Shield-Bearer (Armataur Fighter)     Turns: 3945, Time: 00:08:19

Health: 0/74       AC: 10    Str: 23    XL:     8   Next: 25%
Magic:  8/8        EV:  7    Int: 11    God:
Gold:   161        SH:  7    Dex: 11    Spells: 7/7 levels left

rFire   . . .        q - +1 dagger (venom)
rCold   . . .        c - +2 buckler
rNeg    . . .        b - +0 scale mail
rPois   .            e - +2 helmet {Int+3}
rElec   .            (no cloak)
rCorr   .            (no gloves)
SInv    .            (no barding)
Will    .....        i - amulet of magic regeneration Stlth
                     (no ring)
HPRegen 0.32/turn    (no ring)
MPRegen 0.51/turn

%: roll
@: no status effects
A: large, rugged brown scales 3, deformed body, armoured tail, roll, long
tongue, awkward tongue
a: no special abilities


You were on level 5 of the Dungeon.
You visited 1 branch of the dungeon, and saw 5 of its levels.

You collected 161 gold pieces.

Inventory:

Hand Weapons
 a - a +0 war axe
 l - a +2 flail of holy wrath
 q - a +1 dagger of venom (weapon)
Missiles
 d - 3 boomerangs (quivered)
Armour
 b - a +0 scale mail (worn)
 c - a +2 buckler (worn)
 e - a +2 helmet of intelligence (worn)
 g - the +0 cloak of the Skies Above {Harm rN+}
   (You found it on level 4 of the Dungeon)

   rN:        It protects you from negative energy.
   Harm:      It increases damage dealt and taken.
Jewellery
 i - an amulet of magic regeneration (around neck)
 j - a ring of magical power
 o - a ring of flight
Wands
 p - a wand of polymorph (9)
Scrolls
 f - 2 scrolls of teleportation
 k - 2 scrolls of identify
 m - a scroll of vulnerability {unknown}
 r - 2 scrolls of fear
Potions
 h - a potion of brilliance {unknown}
 s - a potion of mutation {unknown}
 t - a potion of cancellation {unknown}
 u - a potion of haste


   Skills:
 + Level 5.9 Fighting
 + Level 5.8 Axes
 - Level 3.6 Armour
 + Level 5.9 Shields


You had 7 spell levels left.
You didn't know any spells.
Your spell library contained the following spells:

 Spells                   Type           Power      Damage    Failure   Level
 Beastly Appendage        Tmut           0%         N/A       71%         1
 Blink                    Tloc           0%         N/A       83%         2
 Lesser Beckoning         Tloc           0%         N/A       83%         2
 Momentum Strike          Conj/Tloc      0%         3d8       83%         2
 Sublimation of Blood     Necr           0%         N/A       83%         2
 Wereblood                Tmut           0%         N/A       83%         2
 Call Canine Familiar     Summ           0%         N/A       97%         3
 Portal Projectile        Hex/Tloc       0%         N/A       97%         3
 Spider Form              Tmut/Pois      0%         N/A       97%         3
 Volatile Blastmotes      Fire/Tloc      0%         2d10      97%         3
 Fulminant Prism          Conj/Hex       0%         3d5       100%        4
 Iskenderun's Mystic Bla  Conj/Tloc      0%         2d3       100%        4
 Leda's Liquefaction      Hex/Erth       0%         N/A       100%        4
 Lee's Rapid Deconstruct  Erth           0%         3d4*      100%        5
 Summon Hydra             Summ           0%         N/A       100%        7


Dungeon Overview and Level Annotations

Branches:
Dungeon (5/15)
 Temple: D:4-7

Altars:
Dithmenos
Vehumet

Shops:
D:3 ([

Annotations:
D:5 Menkaure


Innate Abilities, Weirdness & Mutations

You are completely covered in rugged brown scales. (AC +3, +7% HP)
Armour fits poorly on your strangely shaped body.
You have a long armoured tail.
You roll when moving toward enemies. (Rampage)
Your long tongue fully drains potion bottles. (2x potion effects)
Your tongue gives you trouble enunciating. (1.5x scroll delay)


Message History

The kobold hits you but does no damage.
You hit Menkaure.
You tail-slap Menkaure, but do no damage.
Menkaure is lightly damaged.
Menkaure rustles, "It doesn't hurt if you pull your brain out of your nose yourself."
Menkaure calls on the powers of darkness!
Your body is wracked with pain!
The kobold hits you with a +0 short sword.
Menkaure closely misses you. You block the kobold's attack.
You climb downwards.
There is a stone staircase leading up here.
You are too injured to fight recklessly!
Unknown command.
You are too injured to fight recklessly!
You barely miss Menkaure.
Menkaure is lightly damaged.
You block Menkaure's attack. You block the kobold's attack.
Menkaure hits you but does no damage.
You hit Menkaure.
Your tail-slap misses Menkaure.
Menkaure is moderately damaged.
The kobold hits you but does no damage.
Menkaure gestures at you while chanting.
You struggle to resist.
You hit Menkaure.
Menkaure is moderately damaged.
Menkaure hits you. The kobold hits you but does no damage.
You hit Menkaure.
Menkaure is heavily damaged.
Menkaure hits you! The kobold barely misses you.
You hit Menkaure but do no damage.
Menkaure is heavily damaged.
You kill the kobold!
Menkaure barely misses you.
You hit Menkaure. You tail-slap Menkaure.
Menkaure is severely damaged.
Menkaure casts a spell at you. Pain shoots through your body!
* * * LOW HITPOINT WARNING * * *
Menkaure hits you!
You die...

#.########
#..<†@...#
#...).M...#
#...####..#
#... .#
#... ..
#... ##
#... #.#.


You could see Menkaure (fast).

Vanquished Creatures
  Grinder (D:3)
  Sigmund (D:4)
  A water moccasin (D:4)
  Duvessa (D:3)
  A sky beast (D:4)
  A centaur (D:4)
  A scorpion (D:4)
  Dowan (D:3)
  2 hounds
  3 orc priests
  Natasha (thrice) (D:2)
  An orc wizard (D:2)
  Robin (D:4)
  4 adders
  4 gnolls (D:2)
  An ufetubus (D:3)
  A worm (D:2)
  8 orcs
  7 ball pythons
  5 endoplasms
  2 giant cockroaches
  9 hobgoblins
  4 jackals (D:1)
  9 kobolds
  4 quokkas
  8 bats
  A frilled lizard (D:1)
  15 goblins
  9 rats
109 creatures vanquished.

Vanquished Creatures (others)
  2 plants (D:4)
2 creatures vanquished.

Grand Total: 111 creatures vanquished

Notes
Turn   | Place    | Note
-------+----------+-------------------------------------------
     0 | D:1      | bartek7090 the Armataur Fighter began the quest for the
                  | Orb.
     0 | D:1      | Reached XP level 1. HP: 19/19 MP: 1/1
    49 | D:1      | Reached XP level 2. HP: 11/26 MP: 2/2
   561 | D:1      | Reached XP level 3. HP: 24/33 MP: 3/3
   754 | D:2      | Reached XP level 4. HP: 9/40 MP: 4/4
  1196 | D:2      | Noticed Natasha
  1201 | D:2      | Killed Natasha
  1392 | D:2      | Noticed Natasha
  1399 | D:2      | Killed Natasha
  1400 | D:2      | Reached XP level 5. HP: 38/49 MP: 5/5
  1664 | D:2      | Noticed Natasha
  1672 | D:2      | Killed Natasha
  1673 | D:2      | Reached XP level 6. HP: 38/55 MP: 6/6
  1744 | D:3      | Found a faded altar of an unknown god.
  1761 | D:3      | Noticed Grinder
  1770 | D:3      | Killed Grinder
  2024 | D:3      | Found Paxzyss's Armour Boutique.
  2084 | D:3      | Found Foqy's Antique Weapon Shoppe.
  2158 | D:3      | Found a radiant altar of Vehumet.
  2163 | D:3      | Reached XP level 7. HP: 58/64 MP: 7/7
  2532 | D:4      | Noticed Duvessa
  2535 | D:4      | Noticed Dowan
  2628 | D:4      | Noticed Robin
  2723 | D:4      | Noticed Sigmund
  2784 | D:3      | Killed Duvessa
  2785 | D:3      | Reached skill level 5 in Axes
  2790 | D:3      | Killed Dowan
  2791 | D:3      | Reached skill level 5 in Fighting
  3203 | D:4      | Killed Sigmund
  3204 | D:4      | Reached skill level 5 in Shields
  3212 | D:4      | Killed Robin
  3301 | D:4      | Identified the +0 cloak of the Skies Above {Harm rN+}
  3330 | D:4      | Found a shadowy altar of Dithmenos.
  3406 | D:4      | Reached XP level 8. HP: 67/73 MP: 8/8
  3546 | D:4      | HP: 3/74 [poisoned by a water moccasin]
  3769 | D:4      | Noticed Menkaure
  3795 | D:5      | Entered Level 5 of the Dungeon
  3945 | D:5      | Slain by Menkaure

Illustrated notes

Levels and vault maps discovered:
D:1:      lemuel_arrival_funnel, layout_rooms, serial_park_tiny_1,
          serial_park_tiny_pond, minmay_surrounded
D:2:      cheibrodos_pilgrimage, layout_basic, serial_bayou_pond_d, uniq_natasha
D:3:      layout_loops_ring, nicolae_vehumet_radiance,
          ebering_ecumenical_altar_webs, serial_shops, nicolae_shop_trees,
          nicolae_shop_trees, uniq_grinder
D:4:      layout_rooms, grunt_dithmenos_smoke,
          minmay_temple_entry_gardened_gates, uniq_duvessa, uniq_menkaure,
          uniq_robin, uniq_sigmund
D:5:      layout_loops_corners, lemuel_round_altar,
          mainiacjoe_overflow_cross_hatched, kennysheep_small_spiral

Skill      XL: |  1  2  3  4  5  6  7 |
---------------+----------------------+-----
Axes           | 2 3 4 5 |  5.8
Fighting       | 3 4 5 |  5.9
Shields        | 4 5 |  5.9
Armour         | |  3.6

Action                     |  1- 3 |  4- 6 |  7- 9 || total
---------------------------+-------+-------+-------++-------
  Melee: War axe           |    85 |     2 |       ||    87
         Tailslap          |     6 |     7 |    15 ||    28
         Flail             |       |    98 |    20 ||   118
         Dagger            |       |       |   106 ||   106
         Unarmed           |       |       |     8 ||     8
    Use: Scroll            |     1 |     5 |       ||     6
         Potion            |     1 |     4 |     3 ||     8
 Armour: Scale mail        |    47 |    31 |    61 ||   139
         Skin              |       |       |     3 ||     3
  Dodge: Dodged            |    38 |    29 |    60 ||   127
  Block: Buckler           |    19 |    18 |    52 ||    89
